 Dungeon Crawl Stone Soup version 0.28-a0-664-gc179e30c89 (webtiles) character file.

Game seed: 15307058977366463763

845 Johnny the Slasher (level 8, -1/64 HPs)
             Began as a Human Berserker on Oct 16, 2021.
             Was an Elder of Trog.
             Slain by a bullfrog (4 damage)
             ... in a sewer.
             The game lasted 00:04:46 (5143 turns).

Johnny the Slasher (Human Berserker)                Turns: 5143, Time: 00:04:46

Health: -1/64      AC:  6    Str: 21    XL:     8   Next: 20%
Magic:  8/8        EV:  8    Int:  7    God:    Trog [****..]
Gold:   140        SH:  0    Dex: 12    Spells: 7/7 levels left

rFire   . . .      SeeInvis .   a - +0 falchion
rCold   . . .      Faith    .   (no shield)
rNeg    . . .      Spirit   .   n - +0 ring mail
rPois   .          Reflect  .   (no helmet)
rElec   .          Harm     .   (no cloak)
rCorr   .          Rampage  .   (no gloves)
Will    ++...                   c - +0 pair of boots
Stlth   +.........              (no amulet)
HPRegen 1.20/turn               (no ring)
MPRegen 0.11/turn               (no ring)

@: strong-willed (expiring), on berserk cooldown, regenerating (expiring),
hasted and slowed, constricted, very slow
A: no striking features
a: Renounce Religion, Berserk, Trog's Hand, Brothers in Arms


You were in a sewer.
You worshipped Trog.
Trog was greatly pleased with you.
You visited 1 branch of the dungeon, and saw 5 of its levels.
You also visited: Sewer.

You collected 140 gold pieces.

Inventory:

Hand Weapons
 a - a +0 falchion (weapon)
Armour
 b - a +0 animal skin
 c - a +0 pair of boots (worn)
 n - a +0 ring mail (worn)
Scrolls
 h - 5 scrolls of identify {unknown}
 j - a scroll of fear {unknown}
 k - 2 scrolls of enchant weapon {unknown}
 m - a scroll of noise {unknown}
 o - a scroll of blinking {unknown}
 p - 2 scrolls of magic mapping {unknown}
 q - a scroll of fog {unknown}
 r - a scroll of enchant armour {unknown}
 s - a scroll of teleportation {unknown}
Potions
 d - 4 potions of haste
 e - a potion of cancellation {unknown}
 f - 5 potions of lignification {unknown}
 g - a potion of attraction {unknown}
 i - a potion of resistance {unknown}
 l - 2 potions of heal wounds {unknown}
 t - a potion of experience {unknown}


   Skills:
 + Level 5.8 Fighting
 * Level 7.8 Long Blades
 - Level 2.0 Armour
 - Level 2.0 Dodging


You had 7 spell levels left.
You didn't know any spells.
Your spell library was empty.

Dungeon Overview and Level Annotations

Branches:
Dungeon (5/15)              Sewer (1/1)
 Temple: D:4-7

Altars:
Trog


Message History

Trog accepts your kill.
The ball python bites you but does no damage.
The ball python constricts you. The bullfrog barely misses you.
The bullfrog hits you.
You barely miss the adder. The bullfrog hits you.
* * * LOW HITPOINT WARNING * * *
The ball python bites you but does no damage.
The ball python completely misses you. The ball python constricts you.
The adder bites you.
* * * LOW HITPOINT WARNING * * *
The bullfrog hits you but does no damage.
Your unstable footing causes you to fumble your attack.
You are no longer berserk.
You are exhausted.
You feel yourself slow down. The ball python bites you.
* * * LOW HITPOINT WARNING * * *
The bullfrog barely misses you. The ball python bites you.
* * * LOW HITPOINT WARNING * * *
The bullfrog hits you!
* * * LOW HITPOINT WARNING * * *
The adder bites you but does no damage. The ball python barely misses you.
The ball python constricts you.
You slash the adder!
The adder is severely wounded.
You feel the effects of Trog's Hand fading.
The bullfrog barely misses you. The ball python bites you.
* * * LOW HITPOINT WARNING * * *
The bullfrog hits you.
* * * LOW HITPOINT WARNING * * *
The adder closely misses you. The ball python bites you.
* * * LOW HITPOINT WARNING * * *
The ball python constricts you.
The ball python bites you but does no damage.
The bullfrog hits you.
* * * LOW HITPOINT WARNING * * *
The ball python bites you.
* * * LOW HITPOINT WARNING * * *
Unknown command.
It was a potion of haste.
You feel yourself speed up. The bullfrog hits you.
You die...

....'..# ....#..#
#...####
#....################## #
#......≈≈≈≈≈≈≈≈≈≈≈≈≈≈≈#..
##.....≈≈≈≈≈≈≈≈≈≈≈≈≈≈≈≈..
#....≈≈≈≈≈≈≈≈≈≈≈≈†≈≈#≈..
#.....≈≈≈≈≈≈≈≈F#S≈≈≈≈...
##....≈≈≈≈≈≈≈.F@#≈≈≈≈≈..
###.#≈≈≈≈≈≈≈≈SSS≈≈≈≈...
#####################


You could see 2 bullfrogs, an adder and 3 ball pythons.

Vanquished Creatures
  Menkaure (D:4)
  2 ogres
  A necrophage (D:3)
  A phantom (D:3)
  A scorpion (D:5)
  A jelly (D:4)
  An orc priest (D:3)
  A bullfrog skeleton (D:4)
  3 gnolls (D:3)
  8 adders
  A shadow imp (D:4)
  2 adder skeletons
  2 worms
  3 dart slugs
  10 orcs
  18 ball pythons
  5 endoplasms
  7 giant cockroaches
  4 goblins
  6 hobgoblins
  10 jackals
  6 kobolds
  4 quokkas
  9 bats
  6 frilled lizards
  33 rats
146 creatures vanquished.

Notes
Turn   | Place    | Note
-------+----------+-------------------------------------------
     0 | D:1      | Johnny the Human Berserker began the quest for the Orb.
     0 | D:1      | Reached XP level 1. HP: 18/18 MP: 1/1
   341 | D:1      | Reached XP level 2. HP: 24/24 MP: 2/2
   726 | D:1      | Found a faded altar of an unknown god.
   732 | D:1      | Reached XP level 3. HP: 23/29 MP: 3/3
   846 | D:1      | Reached ** piety under Trog
   997 | D:1      | Reached skill level 4 in Long Blades
  1781 | D:2      | Reached XP level 4. HP: 35/35 MP: 4/4
  2178 | D:3      | Noticed a necrophage
  2187 | D:3      | Killed a necrophage
  2188 | D:3      | Reached skill level 5 in Long Blades
  2188 | D:3      | Reached XP level 5. HP: 42/42 MP: 5/5
  2284 | D:3      | Noticed an ogre
  2404 | D:2      | Killed an ogre
  2405 | D:2      | Reached XP level 6. HP: 45/49 MP: 6/6
  2686 | D:3      | Reached skill level 6 in Long Blades
  2850 | D:3      | Reached XP level 7. HP: 55/55 MP: 7/7
  3364 | D:3      | Reached skill level 5 in Fighting
  3365 | D:3      | Reached *** piety under Trog
  3613 | D:4      | Noticed Menkaure
  3626 | D:4      | Killed Menkaure
  3627 | D:4      | Reached skill level 7 in Long Blades
  3941 | D:4      | Found a bloodstained altar of Trog.
  4367 | D:5      | Entered Level 5 of the Dungeon
  4576 | D:5      | Reached XP level 8. HP: 64/64 MP: 8/8
  4615 | D:5      | Found a glowing drain.
  4638 | Sewer    | Entered a sewer
  4813 | Sewer    | Reached **** piety under Trog
  5142 | Sewer    | HP: 1/64 [ball python (3)]
  5143 | Sewer    | Slain by a bullfrog

Illustrated notes

Levels and vault maps discovered:
D:1:      minmay_arrival_doors, layout_rooms,
          ebering_ecumenical_altar_sacrificial
D:2:      layout_loops_cross
D:3:      layout_loops_ring
D:4:      layout_cave_pools, mainiacjoe_overflow_paths, serial_bayou_pond_d,
          uniq_menkaure
D:5:      layout_basic, grunt_dithmenos_smoke_and_mirrors,
          gup_sewer_entry_bubbles
Sewer:    sewer_minmay_w

Skill      XL: |  1  2  3  4  5  6  7 |
---------------+----------------------+-----
Long Blades    | 4 5 6 7 |  7.8
Fighting       | 4 5 |  5.8
Armour         | |  2.0
Dodging        | |  2.0

Action                   |  1- 3 |  4- 6 |  7- 9 || total
-------------------------+-------+-------+-------++-------
Melee: Falchion          |   121 |    78 |   296 ||   495
Invok: Berserk           |     1 |     6 |     5 ||    12
       Trog's Hand       |       |     1 |     1 ||     2
  Use: Potion            |       |       |     1 ||     1
Armor: Animal skin       |    43 |    13 |     9 ||    65
       Ring mail         |       |       |   146 ||   146
Dodge: Dodged            |   108 |    39 |   215 ||   362

Table legend: (Time is in decaauts)
 A = Elapsed time spent in this place.
 B = Non-inter-level travel time spent in this place.
 C = Inter-level travel time spent in this place.
 D = Time resting spent in this place.
 E = Time spent auto-exploring this place.
 F = Levels seen in this place.
 G = Mean time per level.
                   A        B        C        D        E       F      G
               +--------+--------+--------+--------+--------+-----+--------+
         Total |   5282 |   5142 |    140 |    632 |   3436 |   6 |  880.3 |
       Dungeon |   4743 |   4603 |    140 |    487 |   3223 |   5 |  948.6 |
         Sewer |    539 |    539 |      0 |    145 |    212 |   1 |  539.0 |
               +--------+--------+--------+--------+--------+-----+--------+

Top non-repeatable levels by time:
     D:1: 1314 daAuts
     D:3: 1239 daAuts
     D:2: 988 daAuts
     D:4: 906 daAuts
   Sewer: 539 daAuts
     D:5: 293 daAuts
